 Dungeon Crawl Stone Soup version 0.27-a0-1147-gb3d8e82157 (webtiles) character file.

Game seed: 18332666028650300639

9 siradein the Slasher (level 2, -4/18 HPs)
             Began as a Vampire Fighter on May 11, 2021.
             Slain by an orc
             ... wielding a +0 flail
              (8 damage)
             ... on level 2 of the Dungeon.
             The game lasted 00:01:36 (878 turns).

siradein the Slasher (Vampire Fighter)               Turns: 878, Time: 00:01:36

Health: -4/18      AC:  6    Str: 15    XL:     2   Next: 3%
Magic:  2/2        EV:  6    Int: 10    God:
Gold:   44         SH:  8    Dex: 13    Spells: 1/1 levels left

rFire    . . .     SeeInvis +   a - +0 long sword
rCold    + + .     Faith    .   c - +0 kite shield
rNeg     + + +     Spirit   .   b - +0 scale mail
rPois    ∞         Reflect  .   (no helmet)
rElec    .         Harm     .   (no cloak)
rCorr    .         Rampage  .   (no gloves)
Will     .....                  (no boots)
Stlth    ++........             (no amulet)
HPRegen  0.00/turn              (no ring)
MPRegen  0.08/turn              (no ring)

@: bloodless
A: bloodless, fangs 3, see invisible, vampiric 1
a: Revivify


You were on level 2 of the Dungeon.
You visited 1 branch of the dungeon, and saw 2 of its levels.

You collected 44 gold pieces.

Inventory:

Hand Weapons
 a - a +0 long sword (weapon)
Armour
 b - a +0 scale mail (worn)
 c - a +0 kite shield (worn)
Scrolls
 e - a scroll of torment {unknown}
 f - 2 scrolls of teleportation {unknown}
 h - a scroll of blinking {unknown}
 i - 2 scrolls of identify {unknown}
Potions
 d - a potion of might
 g - a potion of berserk rage {unknown}


   Skills:
 - Level 2.6 Fighting
 + Level 2.8 Long Blades
 - Level 2.4 Armour
 - Level 2.6 Shields


You had one spell level left.
You didn't know any spells.
Your spell library was empty.

Dungeon Overview and Level Annotations

Branches:
Dungeon (2/15)

Altars:


Innate Abilities, Weirdness & Mutations

You do not regenerate when monsters are visible.
You are frail without blood (-20% HP).
You can heal yourself when you bite living creatures.
You are immune to poison.
You have razor-sharp teeth.
You have supernaturally acute eyesight. (SInv)
You are afflicted with vampirism.


Message History

The helpless bat fails to defend itself.
You bite the bat, and draw its blood! You hit the bat.
You kill the bat!
You enter the shallow water.
Moving in this stuff is going to be slow.
A bat comes into view.
A bat is nearby!
You slash the bat!
You kill the bat!
You have reached level 2!
An orc comes into view. It is wielding a +0 flail.
The orc shouts!
The orc hits you with a +0 flail.
A kobold comes into view. It is wielding a +0 short sword.
Found 15 sling bullets.
Your shield and scale mail prevent you from hitting the orc.
The orc hits you with a +0 flail. x2
You are too injured to fight recklessly!
You are too injured to fight recklessly!
You are too injured to fight recklessly!
You are too injured to fight recklessly!
The kobold shouts!
You hit the orc.
The orc is almost dead.
The orc barely misses you. The orc hits you but does no damage.
You closely miss the orc.
The orc is severely wounded.
The orc hits you with a +0 flail.
You closely miss the orc. Your bite misses the orc.
The orc is severely wounded.
The orc hits you with a +0 flail. You block the orc's attack.
You hit the orc but do no damage.
The orc is severely wounded.
The orc barely misses you.
You closely miss the orc.
The orc is severely wounded.
The orc hits you with a +0 flail.
* * * LOW HITPOINT WARNING * * *
The orc hits you with a +0 flail!
You die...

#.....≈......
#.#≈≈........
#≈.≈≈..≈≈....
#.#..# #.#.##
#...# ##K##
#o# #@# #.#
#.# #.## #..#
##.## ##.#
....# #.##
....# #..#
....#
##.##....#


You could see an orc and a kobold.

Vanquished Creatures
  3 bats
  A giant cockroach (D:1)
  A goblin (D:1)
  A hobgoblin (D:1)
  A ball python (D:1)
  A frilled lizard (D:1)
8 creatures vanquished.

Notes
Turn   | Place    | Note
-------+----------+-------------------------------------------
     0 | D:1      | siradein the Vampire Fighter began the quest for the Orb.
     0 | D:1      | Reached XP level 1. HP: 17/17 MP: 1/1
   852 | D:2      | Reached XP level 2. HP: 18/18 MP: 2/2
   878 | D:2      | Slain by an orc

Illustrated notes

Levels and vault maps discovered:
D:1:      amcnicky_arrival_abandoned_market, layout_basic
D:2:      minmay_chambers_of_twos, layout_basic, serial_rivers,
          chequers_serial_rivers_large_a, chequers_serial_rivers_small_b,
          chequers_serial_rivers_marsh, chequers_serial_rivers_micro_a,
          chequers_serial_rivers_micro_b, chequers_serial_rivers_room_b,
          hellmonk_ecumenical_altar_blasted, kennysheep_generic_room_10

Action                   || total
-------------------------++-------
Melee: Long sword        ||    25
       Bite              ||     2
 Abil: Exsanguinate      ||     1
 Stab: Sleeping          ||     1
Armor: Scale mail        ||    11
Dodge: Dodged            ||     6
Block: Kite shield       ||    10
       Rpst.: Long sword ||     3

Table legend: (Time is in decaauts)
 A = Elapsed time spent in this place.
 B = Non-inter-level travel time spent in this place.
 C = Inter-level travel time spent in this place.
 D = Time resting spent in this place.
 E = Time spent auto-exploring this place.
 F = Levels seen in this place.
 G = Mean time per level.
                   A        B        C        D        E       F      G
               +--------+--------+--------+--------+--------+-----+--------+
         Total |    891 |    850 |     41 |      0 |    752 |   2 |  445.5 |
       Dungeon |    891 |    850 |     41 |      0 |    752 |   2 |  445.5 |
               +--------+--------+--------+--------+--------+-----+--------+

Top non-repeatable levels by time:
     D:1: 800 daAuts
     D:2: 91 daAuts
